 Dungeon Crawl Stone Soup version 0.15.0-14-g6bbbb5c (webtiles) character file.

263 Johnny the Firebug (level 5, -2/39 HPs)
             Began as a Demigod Fire Elementalist on Sept 5, 2014.
             Succumbed to an orc wizard's poison
             ... on Level 4 of the Dungeon.
             The game lasted 00:11:36 (4018 turns).

Johnny the Firebug (Demigod Fire Elementalist)      Turns: 4018, Time: 00:11:36

HP  -2/39        AC  3     Str 16      XL: 5   Next: 65%
MP   1/14        EV 13     Int 21      God:
Gold 188         SH  0     Dex 17      Spells:  2 memorised,  5 levels left

rFire  . . .     SeeInvis .     t - +0 scythe (flame)
rCold  . . .     Clarity  .     a - +0 robe
rNeg   . . .     rCorr    .     (no shield)
rPois  .         rRot     .     (no helmet)
rElec  .         Spirit   .     (no cloak)
SustAb .         Warding  .     (no gloves)
rMut   .         Stasis   .     k - +0 pair of boots
Gourm  .                        (no amulet)
MR     .....                    (no ring)
                                (no ring)

@: mighty, lethally poisoned, very slightly contaminated, not resistant to
hostile enchantments, unstealthy
A: no striking features
a: no special abilities


You were on level 4 of the Dungeon.
You were not hungry.

You visited 1 branch of the dungeon, and saw 4 of its levels.

You collected 188 gold pieces.

Inventory:

Hand weapons
 d - a +0 dagger
 e - a +0 dagger
 t - a +0 scythe of flaming (weapon)
Armour
 a - a +0 robe (worn)
 k - a +0 pair of boots (worn)
Comestibles
 c - 3 bread rations
 f - 3 fruits
 m - a meat ration
 u - a slice of pizza
Scrolls
 g - 2 scrolls of magic mapping
 i - 2 scrolls of teleportation
 p - a scroll of enchant weapon
Potions
 h - a potion of brilliance
 j - 3 potions of cancellation
 l - 2 potions of might
 n - a potion of restore abilities {unknown}
 o - a potion of confusion {unknown}
 q - a potion of magic {unknown}
 r - a potion of haste {unknown}
 s - a potion of heal wounds {unknown}
Books
 b - a book of Flames

   Spells                             Type                      Level
   *Flame Tongue                      Conjuration/Fire             1
   Throw Flame                        Conjuration/Fire             2
   Conjure Flame                      Conjuration/Fire             3
   Inner Flame                        Hexes/Fire                   3
   *Sticky Flame                      Conjuration/Fire             4
   Fireball                           Conjuration/Fire             5


   Skills:
 + Level 0.6 Fighting
 + Level 0.3 Short Blades
 + Level 0.1 Polearms
 + Level 2.7 Dodging
 + Level 2.2 Stealth
 + Level 3.0 Spellcasting
 + Level 2.2 Conjurations
 + Level 3.9 Fire Magic


You had 5 spell levels left.
You knew the following spells:

 Your Spells              Type           Power        Failure   Level  Hunger
a - Flame Tongue          Conj/Fire      ###..        4%          1    None
b - Sticky Flame          Conj/Fire      ###.....     41%         4    ####...


Dungeon Overview and Level Annotations

Branches:
Dungeon (4/15)
 Temple: D:4-7

Shops:
D:4 (


Message History

Confirm with . or Enter, or press ? or * to list all spells.
Aiming: Flame Tongue
Press: ? - help, Shift-Dir - straight line, f/p - orc wizard
Aim: an orc wizard, wielding a dagger of venom and wearing a robe (severely wounded, fast)
The flame tongue misses the orc wizard.
* * * LOW HITPOINT WARNING * * *
You feel sick.
The orc wizard hits you with a dagger of venom.
* * * LOW HITPOINT WARNING * * *
You are more poisoned.
The orc wizard gestures at you while chanting.
You resist.
* * * LOW HITPOINT WARNING * * *
You feel very sick.
The orc wizard gestures at you while chanting.
You resist.
Drink which item? (? for menu, Esc to quit)
You feel very mighty all of a sudden.
It was a potion of might.
You die...

#..##.# #.#
...#.# #.#
#.#.#.###.#
#.........#
###.#.##### #.#.#
#.#o# #...#
##@.### #<.>..#
##### ###.#.#
#.... #)#.# ##.##
#.#.# #.# #.#.#
#.#
#.#.##########.#
#.#.#..........#
#.#.#.###########


You could see an orc wizard.

Vanquished Creatures
  Sigmund (D:3)
  An orc wizard (D:4)
  Ijyb (D:2)
  8 adders
  2 worms
  2 giant geckos (D:3)
  2 oozes (D:3)
  4 orcs
  8 bats
  5 goblins
  5 hobgoblins
  6 kobolds
  2 quokkas (D:3)
  A ball python (D:2)
  3 giant cockroaches
  5 giant newts
  A goblin skeleton (D:4)
  2 jackals (D:1)
  3 rats
62 creatures vanquished.

Notes
Turn   | Place    | Note
--------------------------------------------------------------
     0 | D:1      | Johnny, the Demigod Fire Elementalist, began the quest for the Orb.
     0 | D:1      | Reached XP level 1. HP: 14/14 MP: 3/3
   323 | D:1      | Reached skill level 3 in Fire Magic
   655 | D:1      | Reached XP level 2. HP: 20/20 MP: 1/4
  1149 | D:2      | Reached skill level 1 in Conjurations
  1217 | D:2      | Reached XP level 3. HP: 24/26 MP: 1/8
  1289 | D:2      | Noticed Ijyb
  1296 | D:2      | Killed Ijyb
  2120 | D:3      | Noticed Sigmund
  2170 | D:3      | Reached XP level 4. HP: 33/33 MP: 8/11
  2177 | D:3      | Learned a level 4 spell: Sticky Flame
  2655 | D:3      | Found a white marble altar of Elyvilon.
  2655 | D:3      | Found a shattered altar of Ashenzari.
  2891 | D:3      | Killed Sigmund
  2891 | D:3      | Reached XP level 5. HP: 11/39 MP: 4/13
  3132 | D:3      | Noticed an earth elemental
  3133 | D:3      | Found a stormy altar of Qazlal.
  3141 | D:3      | Noticed an air elemental
  3141 | D:3      | Noticed a water elemental
  3141 | D:3      | Noticed a fire elemental
  3240 | D:3      | Found a burning altar of Makhleb.
  3246 | D:3      | Found a radiant altar of Vehumet.
  3250 | D:3      | Found a sparkling altar of Nemelex Xobeh.
  3525 | D:4      | Found Utafradu's Weapon Shoppe.
  4017 | D:4      | HP: 1/39 [poisoned by an orc wizard]
  4018 | D:4      | Succumbed to an orc wizard's poison

Action                   |  1- 3 |  4- 6 || total
-------------------------+-------+-------++-------
Melee: Dagger            |    36 |    12 ||    48
       Unarmed           |     4 |       ||     4
       Scythe            |       |    37 ||    37
 Cast: Flame Tongue      |    40 |    56 ||    96
  Use: Scroll            |     4 |     2 ||     6
       Potion            |       |     1 ||     1
 Stab: Sleeping          |     1 |       ||     1
  Eat: Chunk             |     2 |     1 ||     3
       Bread ration      |     1 |       ||     1
       Meat ration       |       |     1 ||     1
       Fruit             |       |     1 ||     1
